 Dungeon Crawl Stone Soup version 0.26-a0-651-gb41185065b (webtiles) character file.

Game seed: 9858942105938603239

56 Lanoc the Cudgeler (level 3, 0/34 HPs)
             Began as a Naga Chaos Knight on Oct 7, 2020.
             Was a Plaything of Xom.
             Killed from afar by Natasha (4 damage)
             ... with a magic dart
             ... on level 2 of the Dungeon.
             The game lasted 00:02:20 (1187 turns).

Lanoc the Cudgeler (Naga Chaos Knight)              Turns: 1187, Time: 00:02:21

Health: 0/34       AC:  6    Str: 14    XL:     3   Next: 95%
Magic:  3/3        EV:  9    Int: 12    God:    Xom [....*.]
Gold:   62         SH:  0    Dex: 17    Spells: 2/2 levels left

rFire    . . .     SeeInvis +   a - +0 mace (chaos)
rCold    . . .     Faith    .   (no shield)
rNeg     . . .     Spirit   .   b - +2 leather armour
rPois    +         Reflect  .   (no helmet)
rElec    .         Harm     .   (no cloak)
rCorr    .         Rampage  .   (no gloves)
MR       .....                  (no barding)
Stlth    +.........             d - amulet of inaccuracy (curse)
HPRegen  0.11/turn              e - +6 ring of dexterity
MPRegen  0.08/turn              (no ring)

@: very slow
A: large, fangs 1, yellow scales 1, see invisible, deformed body, poison
resistance, slowness 2, spit poison 1, wild magic 1, evolution 1, AC +1
a: Spit Poison, Renounce Religion


You were on level 2 of the Dungeon.
You worshipped Xom.
You were a beloved toy of Xom.
You visited 1 branch of the dungeon, and saw 3 of its levels.

You collected 62 gold pieces.

Inventory:

Hand Weapons
 a - a +0 mace of chaos (weapon)
Armour
 b - a +2 leather armour (worn)
Jewellery
 d - a cursed amulet of inaccuracy (around neck)
 e - a +6 ring of dexterity (left hand)
Scrolls
 c - a scroll of identify {unknown}


   Skills:
 + Level 3.4 Fighting
 * Level 3.7 Maces & Flails
 + Level 2.0 Armour
 + Level 1.3 Dodging


You had 2 spell levels left.
You didn't know any spells.
Your spell library was empty.

Dungeon Overview and Level Annotations

Branches:
Dungeon (3/15)

Altars:
Xom

Annotations:
D:2 Natasha
D:3 Ijyb


Innate Abilities, Weirdness & Mutations

You cannot wear boots.
Your serpentine skin is tough. (AC +1)
You have supernaturally acute eyesight. (SInv)
Armour fits poorly on your strangely shaped body.
Your system is resistant to poisons. (rPois)
You cover ground very slowly.
You can spit poison.
You have very sharp teeth.
You are partially covered in yellow scales. (AC +2)
Your spells are a little harder to cast, but a little more powerful.
You evolve.


Message History

Natasha drinks a potion.
Natasha seems to speed up.
Natasha completely misses you. Natasha casts a spell at you.
You resist with some effort. Natasha claws you but does no damage.
Natasha claws you. Natasha claws you.
You thump Natasha! You burn Natasha.
Natasha is severely wounded.
Natasha closely misses you. Natasha claws you.
* * * LOW HITPOINT WARNING * * *
You closely miss Natasha.
Natasha is severely wounded.
Natasha stares at you and mumbles some strange words.
The magic dart hits you.
* * * LOW HITPOINT WARNING * * *
Natasha wildly gestures.
You feel disoriented.
Natasha stares at you and mumbles some strange words.
The magic dart hits you.
You die...

######### #..!......##.
#.......# #.....(...##.
#.......# #.........##.
##.......#####.w.......##.
#........+..##.........##.
#.!......##.##..(......##.
#........##.w..........###
#........##.##.........#
*#....^..<@h.....#####+##
#.........##.###.# *,*
#.#.......##.# #.# *,*
#....##+####.# #.# *,****
#*####,,,,,..# #.# *,,,,,
******### #.#*********
#..,,,,,,,,, *##*********


You could see a worm and Natasha (fast).

Vanquished Creatures
  2 adders (D:2)
  5 orcs (D:3)
  2 bats (D:2)
  A giant cockroach (D:2)
  A goblin (D:3)
  A hobgoblin (D:2)
  3 kobolds (D:2)
  A frilled lizard (D:3)
  3 rats
19 creatures vanquished.

Vanquished Creatures (collateral kills)
  An orc wizard (D:3)
1 creature vanquished.

Grand Total: 20 creatures vanquished

Notes
Turn   | Place    | Note
-------+----------+-------------------------------------------
     0 | D:1      | Lanoc the Naga Chaos Knight began the quest for the Orb.
     0 | D:1      | Reached XP level 1. HP: 21/21 MP: 1/1
    88 | D:2      | Reached skill level 1 in Dodging
    88 | D:2      | Reached XP level 2. HP: 24/28 MP: 2/2
   145 | D:2      | XOM: silly message
   159 | D:2      | Reached XP level 3. HP: 22/34 MP: 3/3
   510 | D:3      | XOM: scenery: create altars
   555 | D:3      | XOM: 1-stop teleportation journey
   629 | D:3      | XOM is BORED!
   659 | D:3      | XOM: give mutations
   659 | D:3      | Gained mutation: Your spells are a little harder to cast,
                  | but a little more powerful. [Xom's grace]
   659 | D:3      | Gained mutation: You have very sharp teeth. [Xom's grace]
   659 | D:3      | Gained mutation: You evolve. [Xom's grace]
   659 | D:3      | Gained mutation: You are partially covered in yellow
                  | scales. (AC +2) [Xom's grace]
   719 | D:3      | XOM: divination: detect items
   721 | D:3      | XOM: butterfly on damage
   723 | D:3      | Noticed Ijyb
   815 | D:2      | XOM: 6-stop teleportation journey
  1129 | D:2      | XOM: god gift: 24 gold pieces
  1178 | D:2      | XOM: 1-stop teleportation journey
  1179 | D:2      | Noticed Natasha
  1187 | D:2      | Killed from afar by Natasha

Illustrated notes

Levels and vault maps discovered:
D:1:      matt_arrival_refuge, layout_basic, skrybe_limestone_x,
          supply_closet_lemuel, minmay_box_of_dots
D:2:      layout_basic, chequers_ecumenical_altar_simple, uniq_natasha,
          uniq_robin
D:3:      layout_rooms, uniq_ijyb

Skill      XL: |  1  2  3 |
---------------+----------+-----
Dodging        | 1 |  1.3
Armour         | 2 |  2.0
Fighting       | |  3.4
Maces & Flails | |  3.7

Action                   || total
-------------------------++-------
Melee: Mace              ||    65
       Bite              ||     2
 Abil: Spit Poison       ||    10
  Use: Scroll            ||     1
Armor: Leather armour    ||    42
Dodge: Dodged            ||    61

Table legend: (Time is in decaauts)
 A = Elapsed time spent in this place.
 B = Non-inter-level travel time spent in this place.
 C = Inter-level travel time spent in this place.
 D = Time resting spent in this place.
 E = Time spent auto-exploring this place.
 F = Levels seen in this place.
 G = Mean time per level.
                   A        B        C        D        E       F      G
               +--------+--------+--------+--------+--------+-----+--------+
         Total |   1306 |   1302 |      4 |    403 |    637 |   3 |  435.3 |
       Dungeon |   1306 |   1302 |      4 |    403 |    637 |   3 |  435.3 |
               +--------+--------+--------+--------+--------+-----+--------+

Top non-repeatable levels by time:
     D:2: 920 daAuts
     D:3: 276 daAuts
     D:1: 110 daAuts
